 Dungeon Crawl Stone Soup version 0.17-a0-2074-gaf3f87d (webtiles) character file.

12404 Horrz the Blocker (level 11, -3/101 HPs)
             Began as a Minotaur Fighter on Sept 20, 2015.
             Was a High Priest of Okawaru.
             Killed from afar by an electric eel (13 damage)
             ... with a bolt of electricity
             ... on level 4 of the Lair of Beasts on Oct 15, 2015.
             The game lasted 01:47:45 (11757 turns).

Horrz the Blocker (Minotaur Fighter)               Turns: 11757, Time: 01:47:45

Health: -3/101     AC: 10    Str: 20    XL:     11   Next: 62%
Magic:  10/10      EV: 13    Int:  5    God:    Okawaru [*****.]
Gold:   661        SH: 17    Dex: 14    Spells: 0 memorised, 10 levels left

rFire  + + +     SeeInvis .     H - +3 flail (freeze)
rCold  . . .     Clarity  +     P - +3 ring mail {rF+}
rNeg   + . .     SustAt   .     E - +0 large shield
rPois  .         Gourm    .     (helmet restricted)
rElec  .         Spirit   .     (no cloak)
rCorr  .         Warding  .     (no gloves)
rMut   .         Stasis   .     (no boots)
MR     +++..                    a - amulet of the Four Winds {Clar rN+ MR+++}
Stlth  +.........               s - ring of protection from fire
                                w - ring of protection from fire

@: extremely resistant to hostile enchantments, very unstealthy
A: retaliatory headbutt, horns 2
a: Heroism, Finesse, Renounce Religion


You were on level 4 of the Lair of Beasts.
You worshipped Okawaru.
Okawaru was extremely pleased with you.
You were not hungry.

You visited 3 branches of the dungeon, and saw 14 of its levels.

You collected 1109 gold pieces.
You spent 448 gold pieces at shops.

Inventory:

Hand Weapons
 A - a +0 hand axe of freezing
 H - a +3 flail of freezing (weapon)
 S - the +5 broad axe of Watchfulness {chop, Dex+5, unknown}
   (Okawaru gifted it to you on level 9 of the Dungeon)

   It inflicts extra damage upon your enemies.
   It affects your dexterity (+5).
 T - a +1 antimagic war axe
 W - a +0 greatsling of flaming
Missiles
 B - 13 tomahawks (quivered)
 X - 112 stones
 Y - 21 silver sling bullets
Armour
 E - a +0 large shield (worn)
 N - a +0 chain mail of fire resistance
 P - a +3 ring mail of fire resistance (worn)
Jewellery
 a - the amulet of the Four Winds (around neck) {Clar rN+ MR+++}
   (You bought it in a shop on level 5 of the Dungeon)

   [amulet of clarity]

   It provides mental clarity.
   It protects you from negative energy.
   It affects your resistance to hostile enchantments.
 c - an uncursed ring of ice
 p - a +2 ring of evasion
 q - an uncursed ring of flight
 s - a ring of protection from fire (right hand)
 w - a ring of protection from fire (left hand)
 x - an uncursed ring of sustain attributes
 Q - an uncursed ring of teleportation
 R - an uncursed amulet of the gourmand {unknown}
 U - an uncursed ring of see invisible
Wands
 y - a wand of digging (11)
 L - a wand of cold (4)
 M - a wand of cold (10)
 O - a wand of polymorph (16)
 V - a wand of paralysis (12)
 Z - a wand of magic darts (30)
Scrolls
 g - 2 scrolls of enchant armour {unknown}
 l - 8 scrolls of remove curse
 r - 11 scrolls of identify
 t - 2 scrolls of magic mapping {unknown}
 u - 7 scrolls of amnesia
 v - 2 scrolls of teleportation
 D - 3 scrolls of fog {unknown}
 I - a scroll of enchant weapon
 J - 2 scrolls of silence {unknown}
Potions
 b - 3 potions of resistance {unknown}
 d - 3 potions of might
 f - 2 potions of ambrosia {unknown}
 h - a potion of flight {unknown}
 i - a potion of cure mutation {unknown}
 j - 2 potions of mutation {unknown}
 k - 3 potions of agility {unknown}
 n - 3 potions of degeneration {unknown}
 F - a potion of poison {unknown}
 G - a potion of haste {unknown}
 K - 5 potions of curing
Comestibles
 e - 3 bread rations
 m - 5 beef jerkies
 o - 3 slices of pizza
 z - 6 meat rations
 C - 13 fruits


   Skills:
 + Level 10.5 Fighting
 + Level 6.0(8.1) Axes
 - Level 8.5(9.4) Maces & Flails
 + Level 10.5 Armour
 + Level 9.2 Dodging
 + Level 10.6 Shields


You had 10 spell levels left.
You didn't know any spells.

Dungeon Overview and Level Annotations

Branches:
Dungeon (9/15)             Temple (1/1) D:4            Lair (4/8) D:9
    Orc (0/4) D:9
  Swamp: Lair:3-6    Shoals: Lair:3-6     Snake: Lair:3-6    Spider: Lair:3-6

Altars:
Ashenzari
Cheibriados
Dithmenos
Elyvilon
Fedhas
Gozag
Kikubaaqudgha
Makhleb
Nemelex Xobeh
Okawaru
Qazlal
Ru
Sif Muna
Trog
Vehumet
Xom
Yredelemnul
Zin
The Shining One

Shops:
D:4 (*%*   D:5 =

Annotations:
Lair:3 vible's ghost, journeyman DDFi


Innate Abilities, Weirdness & Mutations

You reflexively headbutt those who attack you in melee.
You have a pair of horns on your head.


Message History

* * * LOW HITPOINT WARNING * * *
The bolt of electricity hits the electric eel.
The electric eel completely resists.
You miss the electric eel.
The electric eel shoots out a bolt of lightning at you!
The bolt of electricity hits you!
* * * LOW HITPOINT WARNING * * *
The bolt of electricity hits you!
* * * LOW HITPOINT WARNING * * *
The bolt of electricity hits the electric eel.
The electric eel completely resists.
The electric eel shoots out a bolt of lightning at you!
The bolt of electricity hits you!
* * * LOW HITPOINT WARNING * * *
The bolt of electricity hits you!
The bolt of electricity hits the electric eel.
The electric eel completely resists.
The electric eel shoots out a bolt of lightning at you!
The bolt of electricity hits you!
You die...

.. .# .. ..#.####.###..#
#... ...........>....
...####
.........P.#....##..#..#
.........#..#..........##
...##.#.P.PP#....#...#..##
.P.......P.P#...#.........
................#.........
................@....≈....
#.....<....#.....≈.≈≈≈≈≈..
##.......###P...≈≈≈;≈≈≈≈≈≈
####.#P.......≈≈≈≈≈≈≈≈≈≈≈
###........###≈≈≈≈≈≈≈≈
###......# ###≈≈≈≈≈#
#......# ##≈≈≈# #......#
#≈≈≈ #..#.### ≈≈≈


You could see an electric eel.

Vanquished Creatures
  Fannar (Lair:2)
  A hydra (D:9)
  The ghost of mrAntonBest the Slasher, a novice FoFi of Cheibriados (D:9)
  Joseph (D:7)
  A black mamba (Lair:3)
  A spiny frog (Lair:3)
  3 komodo dragons
  A troll (D:8)
  Sigmund (D:4)
  5 yaks (Lair:1)
  A deep elf mage (D:8)
  A hungry ghost (D:8)
  A basilisk (Lair:2)
  2 hippogriffs
  6 wolves (Lair:2)
  Menkaure (D:5)
  A steam dragon (Lair:3)
  Edmund (D:5)
  3 porcupines
  A soldier ant (D:9)
  4 water moccasins
  3 sky beasts
  3 phantoms
  An orc warrior (D:7)
  2 black bears (D:6)
  An eye of draining (D:9)
  3 ogres
  A wasp (D:9)
  4 centaurs
  7 crocodiles
  A necrophage (D:7)
  Blork the orc (D:5)
  2 big kobolds
  15 giant frogs
  3 scorpions
  2 electric eels (Lair:2)
  5 crimson imps
  2 giant frog zombies (D:6)
  3 orc wizards
  3 centaur skeletons
  A gnoll shaman (D:6)
  2 orc priests (D:9)
  2 giant frog skeletons
  6 hounds
  8 worker ants
  A jelly (D:8)
  6 iguanas
  Natasha (thrice) (D:3)
  8 sheep (Lair:1)
  A hound skeleton (D:4)
  9 adders
  9 gnolls
  15 river rats (Lair:1)
  3 oozes
  2 adder zombies
  An adder skeleton (D:6)
  3 worms
  7 giant geckos
  21 orcs
  10 bats
  12 goblins
  8 hobgoblins
  20 kobolds
  2 ball pythons
  6 giant cockroaches
  A giant gecko skeleton (D:4)
  5 giant newts
  A quokka skeleton (D:4)
  5 rats
278 creatures vanquished.

Vanquished Creatures (others)
  A fungus (Lair:3)
  A plant (Lair:3)
2 creatures vanquished.

Grand Total: 280 creatures vanquished

Notes
Turn   | Place    | Note
--------------------------------------------------------------
     0 | D:1      | Horrz the Minotaur Fighter began the quest for the Orb.
     0 | D:1      | Reached XP level 1. HP: 19/19 MP: 0/0
   290 | D:1      | Reached XP level 2. HP: 27/27 MP: 1/1
   403 | D:1      | Reached skill level 4 in Fighting
   776 | D:1      | Reached XP level 3. HP: 33/33 MP: 2/2
  1474 | D:3      | Noticed Natasha
  1477 | D:3      | Killed Natasha
  1477 | D:3      | Reached skill level 1 in Dodging
  1477 | D:3      | Reached XP level 4. HP: 21/40 MP: 3/3
  1656 | D:3      | Noticed Natasha
  1663 | D:3      | Killed Natasha
  1722 | D:3      | Reached XP level 5. HP: 16/47 MP: 4/4
  2223 | D:3      | Noticed Natasha
  2233 | D:3      | Killed Natasha
  2723 | D:4      | Found Obo Pout's General Store.
  2730 | D:4      | Bought a scroll of identify for 24 gold pieces
  2773 | D:4      | Found Doevvob's Food Emporium.
  2823 | D:4      | Reached skill level 5 in Shields
  2846 | D:4      | Found a shattered altar of Ashenzari.
  2879 | D:4      | Reached XP level 6. HP: 55/55 MP: 5/5
  2945 | D:4      | Reached skill level 1 in Axes
  2964 | D:4      | Reached skill level 5 in Fighting
  3008 | D:4      | Found a staircase to the Ecumenical Temple.
  3015 | Temple   | Entered the Ecumenical Temple
  3186 | Temple   | Became a worshipper of Warmaster Okawaru
  3334 | D:4      | Found Pif Asso's Weapon Boutique.
  3387 | D:4      | Reached skill level 5 in Armour
  3407 | D:4      | Noticed Sigmund
  3460 | D:4      | Killed Sigmund
  3460 | D:4      | Reached XP level 7. HP: 46/61 MP: 6/6
  3493 | D:4      | Noticed a phantom
  3511 | D:4      | Killed a phantom
  3665 | D:4      | Reached piety under Okawaru
  3762 | D:4      | Found Pooruem's General Store.
  3969 | D:5      | Entered Level 5 of the Dungeon
  4207 | D:5      | Noticed Edmund
  4247 | D:5      | Killed Edmund
  4247 | D:5      | Reached skill level 6 in Shields
  4346 | D:5      | Found Umucuile's Jewellery Shop.
  4368 | D:5      | Bought the amulet of the Four Winds {Clar rN+ MR+++} for 424 gold pieces
  4451 | D:5      | Noticed Menkaure
  4459 | D:5      | Killed Menkaure
  4703 | D:5      | Noticed Blork the orc
  4711 | D:5      | Killed Blork the orc
  4711 | D:5      | Reached XP level 8. HP: 65/70 MP: 7/7
  5051 | D:6      | Reached skill level 5 in Maces & Flails
  5137 | D:6      | Reached skill level 7 in Shields
  5175 | D:6      | Reached skill level 5 in Dodging
  5662 | D:6      | Reached XP level 9. HP: 79/79 MP: 8/8
  5936 | D:7      | Noticed Joseph
  5960 | D:7      | Killed Joseph
  5960 | D:7      | Reached skill level 8 in Shields
  6454 | D:7      | Found a shimmering altar of Xom.
  6454 | D:7      | Found an ancient bone altar of Kikubaaqudgha.
  6963 | D:8      | Reached XP level 10. HP: 86/90 MP: 9/9
  7184 | D:9      | Upgraded the game from 0.17-a0-1853-ge1bd2c8 to 0.17-a0-2064-g265a032
  7212 | D:9      | Reached ***** piety under Okawaru
  7511 | D:9      | Noticed mrAntonBest's ghost (novice FoFi)
  7512 | D:9      | Reached skill level 9 in Shields
  7538 | D:9      | Killed mrAntonBest's ghost
  7550 | D:9      | Found a staircase to the Orcish Mines.
  7759 | D:9      | Found a staircase to the Lair.
  7845 | D:9      | Found a sparkling altar of Nemelex Xobeh.
  7845 | D:9      | Found a stormy altar of Qazlal.
  8172 | D:9      | Paralysed by a wasp for 1 turns
  8212 | Lair:1   | Entered Level 1 of the Lair of Beasts
  8337 | Lair:1   | Noticed a six-headed hydra
  8353 | D:9      | Killed a six-headed hydra
  8353 | D:9      | Received a gift from Okawaru
  8357 | D:9      | Got a transparent broad axe {god gift}
  8696 | Lair:1   | Upgraded the game from 0.17-a0-2064-g265a032 to 0.17-a0-2074-gaf3f87d
  8999 | Lair:1   | Reached XP level 11. HP: 99/99 MP: 10/10
  9590 | Lair:2   | Reached skill level 10 in Shields
  9818 | Lair:2   | Found a labyrinth entrance.
 10072 | Lair:2   | Noticed Fannar
 10102 | Lair:2   | Killed Fannar
 10102 | Lair:2   | Reached skill level 10 in Fighting
 10102 | Lair:2   | Reached skill level 10 in Armour
 10768 | Lair:2   | Reached skill level 5 in Axes
 10830 | Lair:3   | Received a gift from Okawaru
 10985 | Lair:3   | Noticed vible's ghost (journeyman DDFi)
 11618 | Lair:3   | Found a stormy altar of Qazlal.
 11757 | Lair:4   | Killed from afar by an electric eel

Vault maps used:
D:1:      lemuel_arrival_room
D:3:      serial_curves, eino_curves_02, eino_curves_04, uniq_natasha
D:4:      nicolae_ashenzari_panopticon, minmay_temple_entry_junction,
          first_bread, serial_shops, shop_coins, shop, shop, nicolae_shop_trees,
          dk_noncrumbling_4, minivault_14, roderic_three_in_a_row, uniq_sigmund
D:5:      serial_shops, shop_coins, uniq_menkaure, uniq_blork_the_orc,
          uniq_edmund
D:7:      gammafunk_temple_overflow_statue, uniq_joseph
D:9:      gammafunk_temple_overflow_elements, lair_0_dummy, erik_orc_3
Temple:   chambers_temple_14
Lair:2:   lab_entry_generic, infiniplex_staircase_pool_2, serial_bayou_shore_a,
          uniq_fannar
Lair:3:   basic_altar, lemuel_fruit_tree, uniq_maud
Lair:4:   statuecave_lemuel, enter_volcano_3, uniq_rupert, uniq_josephine

Action                   |  1- 3 |  4- 6 |  7- 9 | 10-12 || total
-------------------------+-------+-------+-------+-------++-------
Melee: Flail             |   104 |    85 |   286 |   462 ||   937
       Hand axe          |       |    69 |    80 |       ||   149
 Fire: Greatsling        |       |       |       |     3 ||     3
Invok: Heroism           |       |       |     1 |     1 ||     2
  Use: Scroll            |       |       |     2 |    10 ||    12
       Potion            |       |       |       |     2 ||     2
  Eat: Chunk             |     1 |     7 |    14 |    13 ||    35
       Bread ration      |       |       |       |     1 ||     1
